Map: Ever Dream LE

Players

ArT

  • Race: Protoss Protoss
  • Spawn Location: 1:00

DnS - Winner!

  • Race: Protoss Protoss
  • Spawn Location: 7:00

Event: DreamHack SC2 Masters 2020 Summer Europe

VOD

Have the link to the VOD?

Description

Time

  • Played on: June 27, 2020, 10:24 a.m.
  • Length: 9:54

All games in this series

Show
View Real Time Build Order
Export as new Build Order

ArT Protoss 

Build Orders: Phoenix Opening, Zealot Archon 

Get SALT Encoding   

  12  0:00  Probe  
  13  0:13  Probe  
  14  0:18  Pylon  
  14  0:25  Probe  
  15  0:33  Probe  
  15  0:38  Gateway  
  15  0:41  Probe  
  16  0:46  Assimilator  
  17  0:51  Probe  
  17  0:55  Assimilator  
  18  0:59  Probe  
  19  1:07  Gateway  
  19  1:08  Probe  
  19  1:18  Probe  
  20  1:25  Cybernetics Core  
  21  1:30  Probe  
  22  1:37  Pylon  
  22  1:42  Probe  
  23  2:02  Adept x2  
  27  2:09  Stargate  
  27  2:10  Warp Gate  
  27  2:16  Probe  
  27  2:20  Shield Battery  
  28  2:25  Pylon  
  28  2:33  Stalker  
  30  2:42  Stalker  
  30  2:43  Shield Battery  
  32  2:46  Phoenix  
  34  3:11  Phoenix  
  36  3:21  Probe  
  37  3:30  Nexus  
  37  3:35  Phoenix  
  38  3:48  Pylon  
  38  3:49  Probe  
  37  3:58  Stalker  
  37  4:04  Stalker  
  37  4:10  Probe  
  38  4:18  Probe  
  38  4:21  Robotics Facility  
  39  4:26  Probe  
  39  4:28  Sentry  
  42  4:36  Probe  
  42  4:43  Probe  
  43  4:47  Forge  
  43  4:48  Probe  
  43  4:51  Probe  
  46  5:00  Probe  
  46  5:01  Probe  
  46  5:06  Sentry  
  50  5:12  Observer, Probe  
  50  5:13  Protoss Ground Weapons Level 1, Probe  
  50  5:14  Pylon  
  53  5:24  Probe  
  53  5:25  Probe  
  53  5:27  Immortal  
  55  5:28  Gateway  
  55  5:33  Pylon  
  55  5:36  Shield Battery, Probe  
  60  5:46  Stalker  
  62  5:51  Zealot  
  62  5:53  Assimilator  
  62  5:54  Probe x2  
  62  5:55  Assimilator  
  66  5:59  Pylon  
  66  6:05  Immortal  
  66  6:06  Probe x2  
  72  6:18  Probe  
  72  6:23  Probe  
  72  6:24  Twilight Council  
  74  6:30  Pylon  
  74  6:35  Gateway  
  74  6:39  Gateway, Immortal  
  76  6:47  Gateway  
  76  6:51  Charge  
  76  6:53  Gateway  
  78  6:54  Protoss Ground Weapons Level 2  
  78  7:03  Templar Archives  
  78  7:10  Gateway, Observer  
  78  7:14  Probe  
  79  7:19  Warp Prism  
  81  7:39  Pylon, Zealot x2  
  81  7:41  Pylon  
  81  7:42  High Templar x2, Zealot  
  91  7:47  Archon  
  91  7:50  Zealot  
  93  8:00  Pylon  
  93  8:07  Zealot x3  
  93  8:08  High Templar x2  
  93  8:12  Gateway  
  103  8:13  Observer  
  103  8:20  Archon  
  103  8:22  Zealot x3  
  109  8:39  High Templar x2, Zealot  
  109  8:40  Zealot  
  117  8:45  Archon, Zealot  
  117  8:53  Pylon  
  117  8:55  Pylon  
  117  8:56  Pylon  
  117  9:04  Nexus  
  117  9:11  High Templar x2  
  117  9:12  Zealot x2  
  117  9:16  Archon, Zealot  
  127  9:32  High Templar x2, Zealot  
  127  9:33  Zealot x2  
  127  9:38  Zealot  
  117  9:40  Archon  
  117  9:42  Zealot  
Show
View Real Time Build Order
Export as new Build Order

DnS Protoss - Winner!

Build Orders: Phoenix Opening, Zealot Archon 

Get SALT Encoding   

  12  0:00  Probe  
  13  0:12  Probe  
  14  0:17  Pylon  
  14  0:24  Probe  
  15  0:32  Probe  
  15  0:37  Gateway  
  15  0:40  Probe  
  16  0:45  Assimilator  
  17  0:51  Probe  
  17  0:54  Assimilator  
  18  0:59  Probe  
  19  1:06  Gateway  
  19  1:07  Probe  
  19  1:17  Probe  
  20  1:24  Cybernetics Core  
  21  1:29  Probe  
  22  1:33  Pylon  
  22  1:41  Probe  
  23  1:54  Warp Gate  
  23  1:55  Probe  
  23  2:00  Stalker  
  26  2:03  Stalker  
  28  2:10  Pylon  
  28  2:18  Probe  
  29  2:30  Stalker  
  29  2:33  Stalker  
  33  2:49  Robotics Facility  
  33  2:54  Shield Battery, Probe  
  33  2:55  Pylon  
  34  3:11  Sentry x2  
  37  3:20  Shield Battery  
  37  3:31  Probe  
  37  3:32  Nexus  
  38  3:38  Observer  
  39  3:53  Pylon  
  39  3:55  Probe  
  38  3:58  Phoenix  
  36  4:06  Probe  
  36  4:09  Stalker  
  35  4:10  Stalker  
  35  4:14  Probe  
  37  4:18  Pylon  
  37  4:23  Probe  
  37  4:24  Forge  
  39  4:33  Probe  
  39  4:36  Stalker  
  39  4:38  Shield Battery  
  42  4:43  Probe x2  
  41  4:51  Probe x2  
  45  5:01  Probe  
  45  5:04  Probe  
  45  5:08  Protoss Ground Weapons Level 1  
  45  5:10  Stalker  
  45  5:11  Observer  
  45  5:13  Probe  
  48  5:16  Probe  
  48  5:20  Stalker  
  51  5:26  Probe  
  51  5:29  Probe  
  52  5:38  Probe  
  52  5:39  Stalker  
  56  5:42  Probe  
  56  5:50  Probe  
  56  5:55  Assimilator, Probe  
  56  5:56  Assimilator  
  57  5:57  Stalker  
  57  6:02  Probe  
  57  6:03  Observer  
  57  6:04  Twilight Council  
  61  6:06  Pylon  
  61  6:07  Probe  
  62  6:14  Probe  
  63  6:19  Probe  
  63  6:25  Stalker  
  66  6:26  Probe  
  66  6:27  Stalker  
  66  6:31  Probe  
  69  6:34  Gateway x2  
  69  6:43  Charge  
  69  6:47  Templar Archives  
  69  6:48  Protoss Ground Weapons Level 2  
  69  6:52  Gateway  
  69  6:57  Gateway  
  69  7:01  Gateway x2  
  69  7:05  Pylon  
  69  7:10  Zealot x2  
  69  7:12  Observer  
  72  7:16  Pylon  
  72  7:25  Nexus  
  72  7:29  Pylon  
  72  7:38  High Templar x2  
  72  7:40  Probe x2  
  72  7:42  Archon  
  72  7:43  High Templar x2  
  82  7:45  Observer  
  82  7:46  Pylon  
  82  7:47  Archon  
  82  7:51  Warp Prism  
  84  8:01  Observer  
  84  8:12  Shield Battery, High Templar x2, Zealot x3  
  94  8:13  Shield Battery  
  94  8:17  Archon, Shield Battery  
  94  8:24  Zealot x2  
  98  8:27  Zealot  
  100  8:40  Zealot x3  
  105  8:48  Shield Battery  
  105  8:49  High Templar x2  
  105  8:53  Archon, Zealot x3  
  115  9:05  High Templar x2, Zealot  
  115  9:09  Archon, Pylon  
  121  9:10  Pylon  
  121  9:22  Zealot x2  
  125  9:27  Zealot x4  
  125  9:30  Pylon  
  117  9:39  Zealot x2  
  117  9:45  Zealot x2  
  105  9:50  Zealot  
  105  9:51  Zealot x2  
Tags
 
Add a new tag
Caveats
  • Supply blocks, unpowered buildings, or Contaminate may cause inaccurate times.
  • Supply counts are checked every 10 seconds.